 Dungeon Crawl Stone Soup version 0.32-a0-675-gdc239d6 (webtiles) character file.

Game seed: 5402478744968322042

32 december12 the Charlatan (level 3, 28/28 HPs)
             Began as a Barachi Artificer on Mar 11, 2024.
             Quit the game on level 2 of the Dungeon.
             The game lasted 00:02:42 (912 turns).

december12 the Charlatan (Barachi Artificer)         Turns: 912, Time: 00:02:42

Health: 28/28      AC:  3    Str: 13    XL:     3   Next: 27%
Magic:  3/3        EV: 11    Int: 11    God:
Gold:   76         SH:  0    Dex: 14    Spells: 2/2 levels left

rFire   . . .        a - +0 trident
rCold   . . .        (no shield)
rNeg    . . .        n - +0 leather armour
rPois   .            (no helmet)
rElec   .            (no cloak)
rCorr   .            (no gloves)
SInv    .            (no boots)
Will    +....        (no amulet)
Stlth   +            g - ring of willpower
HPRegen 0.24/turn    (no ring)
MPRegen 0.08/turn

%: no passive effects
@: slow
A: amphibious, slowness 1, strong legs 1, +LOS
a: Hop


You were on level 2 of the Dungeon.
You visited 1 branch of the dungeon, and saw 2 of its levels.

You collected 76 gold pieces.

Inventory:

Hand Weapons
 a - a +0 trident (weapon)
 b - a +0 sling
 f - a +0 whip
Armour
 n - a +0 leather armour (worn)
Jewellery
 g - a ring of willpower (left hand)
Wands
 c - a wand of flame (15) (quivered)
 d - a wand of charming (12)
 e - a wand of iceblast (5)
Scrolls
 i - a scroll of noise {unknown}
 o - a scroll of identify {unknown}
Potions
 h - a potion of curing {unknown}
 j - a potion of mutation {unknown}
 k - a potion of brilliance {unknown}
 l - a potion of lignification {unknown}
 m - a potion of haste {unknown}


   Skills:
 + Level 2.9 Fighting
 - Level 2.4 Armour
 - Level 1.1 Dodging
 - Level 0.8 Stealth
 - Level 4.0 Evocations


You had 2 spell levels left.
You didn't know any spells.
Your spell library was empty.

Dungeon Overview and Level Annotations

Branches:
Dungeon (2/15)

Altars:

Annotations:
D:2 Terence


Innate Abilities, Weirdness & Mutations

You are amphibious.
You cover ground slowly.
You can hop short distances.
You have an extended range of vision and can be seen from far away.


Message History

The spectral goblin hits you but does no damage.
You hit the spectral goblin.
The spectral goblin is lightly damaged.
The spectral goblin hits you but does no damage.
You hit the spectral goblin.
The spectral goblin is almost destroyed.
The spectral goblin hits you but does no damage.
You completely miss the spectral goblin.
The spectral goblin is almost destroyed.
The spectral goblin barely misses you.
The spectral goblin hits you but does no damage.
You closely miss the spectral goblin.
The spectral goblin is almost destroyed.
The spectral goblin barely misses you.
You puncture the spectral goblin!
You destroy the spectral goblin!
No target in view!
Unknown command.
Reach: a) +0 trident
Press: ? - help, Dir - move target, f - you
Okay, then.
Found a faded altar of an unknown god.
An endoplasm comes into view.
You enter the shallow water.
The endoplasm quivers.
The endoplasm jiggles.
Found a stone staircase leading down.
No target in view!
You start waiting.
An endoplasm is nearby!
You reach to attack!
You hit the endoplasm.
The endoplasm is almost dead.
You reach to attack!
You puncture the endoplasm!
You kill the endoplasm!
No target in view!
No target in view!
You enter the shallow water.
There is a faded altar of an unknown god here.
This altar belongs to (a) Beogh, (b) Lugonu or (c) the Shining One, but you can't tell which.
Press the corresponding letter to learn more about a god, or press enter to convert or escape to cancel.
Okay, then.
Are you sure you want to abandon this character and quit the game? (Confirm with "yes".)

#.# #####.....#
..# #.#
##.##.##.#.## #.#
#.~..~..J.~## #.#
#.~~~+++#~.~##.
#.#
#.#~.(~..##...
#.#
##..~#~...~..~...
#.#
.>.~.#~.~.~~~#.~~
#.#
#.#.#~~.....~~###
# #
#.#~~~.~@.~~~.# #
#~#ß.~######~ß# #
. ####. ## ~


There were no monsters in sight!

Vanquished Creatures
  2 ball pythons (D:1)
  2 bats (D:1)
  3 endoplasms
  3 giant cockroaches (D:1)
  2 goblins
  2 hobgoblins (D:1)
  3 jackals (D:1)
  3 quokkas (D:1)
  A frilled lizard (D:1)
  4 rats
  A spectral goblin (D:2)
26 creatures vanquished.

Vanquished Creatures (collateral kills)
  A goblin (D:1)
  A kobold (D:1)
2 creatures vanquished.

Vanquished Creatures (others)
  A kobold (D:1)
1 creature vanquished.

Grand Total: 29 creatures vanquished

Notes
Turn   | Place    | Note
-------+----------+-------------------------------------------
     0 | D:1      | december12 the Barachi Artificer began the quest for the
                  | Orb.
     0 | D:1      | Reached XP level 1. HP: 15/15 MP: 1/1
    65 | D:1      | Reached XP level 2. HP: 15/22 MP: 2/2
   598 | D:1      | Reached XP level 3. HP: 28/28 MP: 3/3
   692 | D:1      | Reached skill level 4 in Evocations
   849 | D:2      | Noticed Terence
   900 | D:2      | Found a faded altar of an unknown god.
   912 | D:2      | Quit the game

Illustrated notes

Levels and vault maps discovered:
D:1:      lemuel_arrival_broad_hall, layout_rooms, kennysheep_small_spiral,
          minmay_cupped
D:2:      cheibrodos_greedy_goblins, layout_loops_ring,
          dreamdust_ecumenical_altar_drowned_temple, serial_shops, shop,
          uniq_terence

Skill      XL: |  1  2  3 |
---------------+----------+-----
Fighting       | 2 |  2.9
Evocations     | 4 |  4.0
Armour         | |  2.4
Dodging        | |  1.1
Stealth        | |  0.8

Action                     || total
---------------------------++-------
  Melee: Club              ||    24
         Whip              ||    56
         Trident           ||    29
   Fire: Sling             ||     4
Ability: Hop               ||     2
  Evoke: Wand              ||     3
   Stab: Sleeping          ||     3
 Armour: Leather armour    ||   101
  Dodge: Dodged            ||    94

Table legend: (Time is in decaauts)
 A = Elapsed time spent in this place.
 B = Non-inter-level travel time spent in this place.
 C = Inter-level travel time spent in this place.
 D = Time resting spent in this place.
 E = Time spent auto-exploring this place.
 F = Levels seen in this place.
 G = Mean time per level.
                   A        B        C        D        E       F      G
               +--------+--------+--------+--------+--------+-----+--------+
         Total |   1056 |    963 |     93 |    138 |    449 |   2 |  528.0 |
       Dungeon |   1056 |    963 |     93 |    138 |    449 |   2 |  528.0 |
               +--------+--------+--------+--------+--------+-----+--------+

Top non-repeatable levels by time:
     D:1: 915 daAuts
     D:2: 140 daAuts
